[Event "Early-Titled-Tuesday-Blitz-April-23-2024"]
[Site "Chess.com"]
[Date "2024.04.23"]
[Round "1"]
[White "NovakCabarkapa"]
[Black "szachmistrz2500"]
[Result "1-0"]
[WhiteElo "2778"]
[BlackElo "2447"]
[TimeControl "180+1"]
[EndTime "8:06:50 PDT"]
[Termination "NovakCabarkapa won on time"]

1. d4 e6 2. Nc3 d5 3. e4 dxe4 4.
Nxe4 Bd7 5. Nf3 Bc6 6. Neg5 Nd7 7. Nxf7 Kxf7 8. Ng5+ Ke8 9. Bd3 g6 10. O-O Qf6 11. Re1 Be7 12. Nxe6 Rc8 13. c4 Nf8 14. Bg5 Qf7 15. d5 Bd7 16. Bxe7 Nxe7 17. Nxc7+ Rxc7 18. d6 Kd8 19. Rxe7 Qf6 20. dxc7+ Kxe7 21. Qb3 Ne6 22.
Re1 Rf8 23. Re2 Qd4 24. Re3 b5 25. cxb5 Kd6 26. Bf1 Nc5 27. Qa3 Kxc7 28. Qxa7+ Kd6 29.
Rd3 Qxd3 30. Bxd3 Nxd3 31. Qd4+ Kc7 32. Qxd3 1-0

[Event "Early-Titled-Tuesday-Blitz-April-23-2024"]
[Site "Chess.com"]
[Date "2024.04.23"]
[Round "1"]
[White "RebelJohnny"]
[Black "MikeWizard"]
[Result "0-1"]
[WhiteElo "2588"]
[BlackElo "2188"]
[TimeControl "180+1"]
[EndTime "8:06:50 PDT"]
[Termination "MikeWizard won on time"]

1. e4 d6 2. d4 Nf6 3. Nc3 Nbd7 4. Nf3 e5 5. Bc4 Be7 6. a4 c6 7. O-O Qc7 8. h3 h6 9. Be3 g5 10. Qb1 Nf8 11. Qa2 Be6 12. a5 Bxc4 13. Qxc4 Ne6 14. dxe5 dxe5 15. Ne2 Nh5 16. Rfd1 O-O 17. Qc3 Bf6 18.
g4 Nhf4 19. Bxf4 gxf4 20. Nc1 Rad8 21. Nd3 Nd4 22. Nxd4 Rxd4 23. Nxf4 Rfd8 24. Rxd4 exd4 25. Qf3 Bg5 26. Nd3 c5 27. b3 c4 28. bxc4 Qxc4 29. Rb1 Rd7 30. Kg2 Qxc2 31. Rb5 Rd6 32. Rxb7 Rf6 33.
Qg3 Be3 34. Kg1 Qxd3 0-1

[Event "Early-Titled-Tuesday-Blitz-April-23-2024"]
[Site "Chess.com"]
[Date "2024.04.23"]
[Round "1"]
[White "Korchmar_Vasiliy"]
[Black "ljuks68"]
[Result "1-0"]
[WhiteElo "2713"]
[BlackElo "2395"]
[TimeControl "180+1"]
[EndTime "8:06:51 PDT"]
[Termination "Korchmar_Vasiliy won on time"]

1. e4 e6 2. d4 d5 3. e5 c5 4. c3 Nc6 5. Nf3 Qb6 6. Be2 cxd4 7. cxd4 Nh6 8. Na3 Bb4+ 9. Bd2 Bxa3 10. bxa3 Nf5 11.
Rb1 Qc7 12. O-O Nfxd4 13. Nxd4 Nxd4 14. Qa4+ Nc6 15. Bb4 Qxe5 16. Rfe1 Qf4 17. g3 Qc7 18.
Bf3 Bd7 19. Bxd5 Ne7 20. Qb3 Nxd5 21. Qxd5 Bc6 22. Qg5 Rg8 23. Rbd1 h6 24. Qh5 Bd7 25. Qh4 g5 26. Qxh6 O-O-O 27. Be7 Rde8 28. Bd6 Qa5 29.
Qf6 Bc6 30. Qxf7 b6 31. Rxe6 1-0

[Event "Early-Titled-Tuesday-Blitz-April-23-2024"]
[Site "Chess.com"]
[Date "2024.04.23"]
[Round "1"]
[White "Zarinur"]
[Black "Igor_Janik"]
[Result "0-1"]
[WhiteElo "2501"]
[BlackElo "2881"]
[TimeControl "180+1"]
[EndTime "8:06:52 PDT"]
[Termination "Igor_Janik won by resignation"]

1. e4 Nf6 2. e5 Nd5 3. d4 d6 4. c4 Nb6 5. exd6 cxd6 6. Nc3 g6 7. Nf3 Bg7 8. h3 O-O 9. Be2 Nc6 10. O-O Bf5 11. Be3 d5 12. c5 Nc4 13. Qc1 Nxe3 14. Qxe3 b6 15. Bb5 Rc8 16. Bxc6 Rxc6 17. b4 bxc5 18. bxc5 h5 19. Ne5 Rc8 20. g4 hxg4 21. hxg4 Be6 22. Nxg6 Re8 23. Ne5 f6 24. Nd3 Bxg4 25.
f3 Bf5 26. Kf2 e6 27. Rg1 Kf7 28. Rab1 Rh8 29. Rb7+ Rc7 30. Rgb1 Bh6 31. Nf4 Qe7 32. Rxc7 Qxc7 33. Nce2 e5 34. dxe5 Bxb1 35. e6+ Ke8 36. Qc3 Bxf4 37. Qxf6 Rh2+ 38. Kg1 Be5 39. Qg6+ Bxg6 0-1

[Event "Early-Titled-Tuesday-Blitz-April-23-2024"]
[Site "Chess.com"]
[Date "2024.04.23"]
[Round "1"]
[White "JacksterThePro"]
[Black "AlexeiShirov"]
[Result "0-1"]
[WhiteElo "2473"]
[BlackElo "2829"]
[TimeControl "180+1"]
[EndTime "8:06:52 PDT"]
[Termination "AlexeiShirov won by resignation"]

1. d4 d5 2. c4 c6 3. Nc3 Nf6 4. Nf3 e6 5. e3 Nbd7 6. Qc2 Bd6 7. b3 O-O 8. Be2 e5 9. cxd5 cxd5 10.
Nb5 Bb4+ 11. Bd2 Bxd2+ 12. Nxd2 e4 13. O-O a6 14. Nd6 Qb6 15. Nxc8 Raxc8 16. Qb2 Rc7 17.
Rac1 Rfc8 18. a3 Rc6 19. b4 Qc7 20. Nb3 Rc2 21. Qb1 Qc3 22. Nc5 Rxc1 23. Qxc1 Qxc1 24. Rxc1 Rc7 25. Kf1 Ne8 26. Ke1 Nd6 27. Kd2 Nb6 28. Rc3 Nbc4+ 29. Bxc4 Nxc4+ 30. Ke2 f5 31. Ne6 Rd7 32.
Nf4 b5 33. a4 Kf7 34. axb5 axb5 35. Rc2 g5 36. Nh5 Ra7 37. h4 h6 38. hxg5 hxg5 39.
f4 exf3+ 40. gxf3 Re7 41. Kf2 Kg6 42. Ng3 Rxe3 43. Rxc4 dxc4 44. Kxe3 f4+ 45. Kf2 fxg3+ 46. Kxg3 c3 0-1

[Event "Early-Titled-Tuesday-Blitz-April-23-2024"]
[Site "Chess.com"]
[Date "2024.04.23"]
[Round "1"]
[White "JeFumeDesClopes"]
[Black "lluiss"]
[Result "1-0"]
[WhiteElo "2599"]
[BlackElo "2136"]
[TimeControl "180+1"]
[EndTime "8:06:52 PDT"]
[Termination "JeFumeDesClopes won on time"]

1. e4 c5 2. Nc3 d6 3. d4 cxd4 4.
Qxd4 Nc6 5. Qd2 Nf6 6. b3 e6 7.
Bb2 d5 8. exd5 exd5 9. Nf3 Bb4 10. a3 Ne4 11. Qd3 Bxc3+ 12. Bxc3 O-O 13. Be2 Bf5 14. Nd4 Bg6 15. Bb2 Nxf2 16. Qc3 Ne4 17. Qh3 Re8 18. O-O Ng5 19. Qc3 Nxd4 20. Qxd4 f6 21. Bb5 Re4 22. Qf2 a6 23. Bd3 Re8 24. Rad1 Qe7 25. Bxg6 hxg6 26. Rxd5 Rad8 27. Qd4 Rxd5 28. Qxd5+ Kf8 29. Qxg5 1-0

[Event "Early-Titled-Tuesday-Blitz-April-23-2024"]
[Site "Chess.com"]
[Date "2024.04.23"]
[Round "1"]
[White "arenal72"]
[Black "kai_nov"]
[Result "1-0"]
[WhiteElo "2623"]
[BlackElo "2282"]
[TimeControl "180+1"]
[EndTime "8:06:53 PDT"]
[Termination "arenal72 won on time"]

1. Nf3 d5 2. g3 Nf6 3. Bg2 c5 4. O-O Nc6 5. d3 e5 6. e4 dxe4 7. dxe4 Qxd1 8. Rxd1 Nxe4 9. Nxe5 Nxe5 10. Bxe4 Be7 11.
Bf4 Ng6 12. Bd6 Bxd6 13. Rxd6 O-O 14. Nc3 Rb8 15. Re1 b6 16. f4 Bg4 17. Nb5 a5 18. Kg2 Rfe8 19. Nc7 Re7 20. Nd5 Ree8 21. Kf2 f5 22. Bd3 Rxe1 23. Kxe1 Re8+ 24. Kf2 Ne7 25. Nxe7+ Rxe7 26. Rxb6 Rc7 27. Bc4+ Kf8 28. Ra6 Rb7 29. b3 Rd7 30. Ke3 Re7+ 31. Kd2 1-0

[Event "Early-Titled-Tuesday-Blitz-April-23-2024"]
[Site "Chess.com"]
[Date "2024.04.23"]
[Round "1"]
[White "dianamirza"]
[Black "Mackster23"]
[Result "0-1"]
[WhiteElo "1969"]
[BlackElo "2567"]
[TimeControl "180+1"]
[EndTime "8:06:54 PDT"]
[Termination "Mackster23 won on time"]

1. e4 c6 2. Nf3 d5 3. e5 c5 4.
d4 Nc6 5. c3 cxd4 6. cxd4 Bg4 7.
Be3 Nh6 8. h3 Bxf3 9. Qxf3 e6 10.
Nc3 Nf5 11. Bb5 Rc8 12. O-O a6 13. Bxc6+ Rxc6 14. Rac1 Be7 15. Ne2 Rxc1 16. Rxc1 O-O 17. Ng3 Nxg3 18. Qxg3 Re8 19. Bh6 Bf8 20. Bg5 Qb6 21.
Qc3 a5 22. Be3 a4 23. b3 Ra8 24. Qc7 Qb5 25. bxa4 Rxa4 26. Qd8 Rc4 27. Rxc4 Qxc4 28. a3 h6 29. g4 Qa4 30. g5 hxg5 31. Bxg5 Qxa3 32.
Qb8 Qb4 33. Bd8 Kh7 0-1

[Event "Early-Titled-Tuesday-Blitz-April-23-2024"]
[Site "Chess.com"]
[Date "2024.04.23"]
[Round "1"]
[White "DonkyDonkyDonkey"]
[Black "MrVenky"]
[Result "1-0"]
[WhiteElo "2941"]
[BlackElo "2530"]
[TimeControl "180+1"]
[EndTime "8:06:55 PDT"]
[Termination "DonkyDonkyDonkey won by resignation"]

1. e4 e5 2. Nf3 Nc6 3. Nc3 Nf6 4. h3 g6 5. Bc4 Bg7 6. d3 d6 7. a4 h6 8. O-O O-O 9. Be3 Kh7 10. Qd2 Na5 11.
Ba2 c5 12. Nh2 Nc6 13. f4 exf4 14. Bxf4 Nh5 15. Be3 Ne5 16. Nd5 f5 17. exf5 gxf5 18. Nf4 Nxf4 19. Bxf4 Ng6 20. c3 Bd7 21. Bxd6 Rf6 22.
Bxc5 Bxa4 23. Bd4 Rf8 24. Bxg7 Kxg7 25. Nf3 f4 26. Nd4 Kh7 27. Ne6 Qb6+ 28. Qf2 Qxf2+ 29. Rxf2 Rf6 30. Bd5 Bc6 31. Bxc6 bxc6 32. Nc5 h5 33. d4 Nh4 34. Kh2 Rg8 35. Rxa7+ Kh6 36. Re7 Rgg6 37. Nd3 f3 38. g3 Nf5 39. Re5 Nxg3 40. Ne1 Rf7 41.
Nxf3 h4 42. Re8 Rgf6 43. Rh8+ Kg7 44. Rxh4 1-0

[Event "Early-Titled-Tuesday-Blitz-April-23-2024"]
[Site "Chess.com"]
[Date "2024.04.23"]
[Round "1"]
[White "pasteta13"]
[Black "Storne89"]
[Result "0-1"]
[WhiteElo "2422"]
[BlackElo "2739"]
[TimeControl "180+1"]
[EndTime "8:06:55 PDT"]
[Termination "Storne89 won by resignation"]

1. e4 e5 2. Nf3 Nc6 3. d4 exd4 4.
Bc4 Nf6 5. O-O Nxe4 6. Re1 d5 7.
Bxd5 Qxd5 8. Nc3 Qh5 9. Nxe4 Be6 10. Nxd4 Qxd1 11. Rxd1 O-O-O 12. Be3 Nxd4 13. Rxd4 Rxd4 14. Bxd4 f6 15. Re1 Bf7 16. Bc5 b6 17. Bxf8 Rxf8 18. Ng3 Rd8 19. Nf1 Rd7 20. f3 a5 21. a3 Bg6 22. c3 Kb7 23. Kf2 Kc6 24. Re2 Bd3 25.
Re6+ Kb5 26. Ne3 Ka4 27. c4 Kb3 28. c5 bxc5 29. Rc6 c4 30. Rc5 Kxb2 31. a4 Kb3 32.
Rxa5 c3 33. Rc5 c2 34. a5 Kb2 35. a6 c1=Q 36. Rxc1 Kxc1 37. a7 Rd8 0-1

[Event "Early-Titled-Tuesday-Blitz-April-23-2024"]
[Site "Chess.com"]
[Date "2024.04.23"]
[Round "1"]
[White "arnash_bauyrzhan"]
[Black "tetrix83"]
[Result "0-1"]
[WhiteElo "2309"]
[BlackElo "2636"]
[TimeControl "180+1"]
[EndTime "8:06:55 PDT"]
[Termination "tetrix83 won on time"]

1. e4 c5 2. Nf3 e6 3. d4 cxd4 4. Nxd4 a6 5. Bd3 Qc7 6. O-O Nf6 7. Qe2 d6 8. c4 Nbd7 9. Nc3 Ne5 10. f4 Nxd3 11. Qxd3 Be7 12. Bd2 O-O 13. Rae1 Nd7 14. b3 b6 15. f5 Ne5 16. Qg3 Bf6 17. Bg5 Bxg5 18. Qxg5 Qc5 19. Rd1 b5 20. Kh1 f6 21.
Qg3 exf5 22. Nd5 Ra7 23. Nxf5 Bxf5 24. Rxf5 Kh8 25. cxb5 axb5 26. Nf4 Qc2 27. Rf1 Qxe4 28. Ne6 Re8 29. Ng5 Qd3 30. Qh4 h6 31. Ne4 Rf7 0-1

[Event "Early-Titled-Tuesday-Blitz-April-23-2024"]
[Site "Chess.com"]
[Date "2024.04.23"]
[Round "1"]
[White "KnightDuta"]
[Black "patzer-reloaded"]
[Result "1-0"]
[WhiteElo "2769"]
[BlackElo "2441"]
[TimeControl "180+1"]
[EndTime "8:06:57 PDT"]
[Termination "KnightDuta won on time"]

1. e4 d6 2. d4 Nf6 3. Nc3 g6 4. Be3 Bg7 5. Qd2 Ng4 6. Bg5 h6 7. Bf4 e5 8. dxe5 Nxe5 9. O-O-O Be6 10. f3 Nbc6 11. Be3 a6 12. Nd5 Bxd5 13. exd5 Ne7 14. f4 Nd7 15. g4 h5 16. Bd4 Bxd4 17. Qxd4 O-O 18. gxh5 Nf5 19. Qd2 Qh4 20. hxg6 fxg6 21. Nf3 Qh5 22. Be2 Rae8 23. Rhg1 Rf6 24. Rg5 Qh6 25.
Rdg1 Nc5 26. Bd3 Ne4 27. Bxe4 Rxe4 28. h4 Kh7 29. h5 gxh5 30. Qh2 h4 31. R5g4 Rf7 32.
Ng5+ 1-0

[Event "Early-Titled-Tuesday-Blitz-April-23-2024"]
[Site "Chess.com"]
[Date "2024.04.23"]
[Round "1"]
[White "Gennady_Kozlov"]
[Black "bintang_top"]
[Result "1-0"]
[WhiteElo "2650"]
[BlackElo "2335"]
[TimeControl "180+1"]
[EndTime "8:06:57 PDT"]
[Termination "Gennady_Kozlov won by resignation"]

1. d4 d5 2. Nf3 Nf6 3. c4 c6 4.
Nc3 g6 5. e3 Bg7 6. Bd3 O-O 7.
O-O dxc4 8. Bxc4 c5 9. dxc5 Qa5 10. a3 Qxc5 11. Ba2 Nc6 12. h3 Rd8 13. Qb3 Be6 14. Qxb7 Rab8 15. Qa6 Bxa2 16. Nxa2 Qc2 17. Nb4 Nxb4 18.
axb4 Nd5 19. Qxa7 e6 20. Nd4 Qc4 21. Bd2 Bxd4 22. Qxd4 Qxd4 23. exd4 Nxb4 24. Bc3 Rd5 25. Ra4 Nd3 26. b4 Rc8 27. Ra3 Rc4 28. Rb3 Nf4 29.
Re1 Rb5 30. Bd2 Nd5 31. Ra1 Kg7 32. Ra5 Rb7 33. b5 Rxd4 34. Ra2 Rc4 35. Rab2 Rc8 36. Ba5 Ra8 37. Bd2 Rc8 38. f3 f5 39. Kh2 Kf6 40. Be1 Rcb8 41. Bf2 Nc7 42. b6 Nd5 43. Rb5 Nc3 44.
Bd4+ 1-0

[Event "Early-Titled-Tuesday-Blitz-April-23-2024"]
[Site "Chess.com"]
[Date "2024.04.23"]
[Round "1"]
[White "Mikhail_Golubev"]
[Black "GambitGiesbergen"]
[Result "0-1"]
[WhiteElo "2606"]
[BlackElo "2309"]
[TimeControl "180+1"]
[EndTime "8:06:57 PDT"]
[Termination "GambitGiesbergen won on time"]

1. e4 c5 2. Nf3 f5 3. exf5 Nc6 4.
Nc3 d5 5. d4 Bxf5 6. Bb5 e6 7.
O-O Bd6 8. dxc5 Bxc5 9. Nd4 Ne7 10. Bg5 O-O 11. Bxc6 Bxd4 12. Qxd4 Nxc6 13. Qd2 Qb6 14. Na4 Qb5 15. b3 Ne5 16. Rae1 Ng4 17. Bf4 Rac8 18. c3 Be4 19. f3 Bd3 20. fxg4 Bxf1 21.
Be5 Bd3 22. h4 Be4 23. Nb2 Rf7 24. Nd1 Rcf8 25. Ne3 Qb6 26. Bd4 Qd6 27. Rf1 Rxf1+ 28. Nxf1 Qf4 29. Qxf4 Rxf4 30. Ne3 Bb1 31. Bxa7 Bxa2 32.
b4 b5 33. g3 Re4 34. Kf2 Bc4 35. Nf5 exf5 0-1

[Event "Early-Titled-Tuesday-Blitz-April-23-2024"]
[Site "Chess.com"]
[Date "2024.04.23"]
[Round "1"]
[White "xxysoul6"]
[Black "rdarruda"]
[Result "1-0"]
[WhiteElo "3003"]
[BlackElo "2540"]
[TimeControl "180+1"]
[EndTime "8:06:59 PDT"]
[Termination "xxysoul6 won by resignation"]

1. c4 Nf6 2. Nc3 e5 3. Nf3 Nc6 4. d3 Be7 5. g3 O-O 6. Bg2 d6 7. O-O Bg4 8. h3 Be6 9. Ng5 Bd7 10. Rb1 h6 11. Nf3 Rb8 12. b4 Nd4 13. Nxd4 exd4 14. Nb5 Bxb5 15. cxb5 Nd7 16. Bb2 Bf6 17. a4 Re8 18. Rc1 Nf8 19. Re1 Ne6 20. Qb3 Re7 21. h4 g6 22. Rc2 h5 23. Rec1 Bg7 24. Qd5 Bh6 25. Rb1 Bg7 26. Bh3 c6 27. bxc6 bxc6 28.
Rxc6 Nc7 29. Qa5 Rb7 30. Bf1 Re5 31. b5 Rc5 32. Rc1 Rxc1 33. Bxc1 Bf6 34. Bf4 Be7 35. Bg2 Kg7 36. Rc4 Rb8 37. Qxc7 1-0

[Event "Early-Titled-Tuesday-Blitz-April-23-2024"]
[Site "Chess.com"]
[Date "2024.04.23"]
[Round "1"]
[White "Kiborg95"]
[Black "SaiAgni_98"]
[Result "1-0"]
[WhiteElo "2843"]
[BlackElo "2480"]
[TimeControl "180+1"]
[EndTime "8:07:00 PDT"]
[Termination "Kiborg95 won by checkmate"]

1. e4 c6 2. d4 d5 3. e5 Bf5 4. h4 h5 5. c4 e6 6. Nc3 Bb4 7. cxd5 Qxd5 8. Ne2 Ne7 9. a3 Bxc3+ 10. Nxc3 Qa5 11. Be2 Nd5 12. Bd2 Qb6 13. Nxd5 cxd5 14. Bb4 Nc6 15. Bc5 Qxb2 16. O-O Qc2 17.
Qe1 Bd3 18. Bxd3 Qxd3 19. Rd1 Qf5 20. Qe2 a6 21. Rb1 O-O-O 22. Rfc1 Rd7 23. Rb6 g5 24.
Bd6 Kd8 25. Rcxc6 gxh4 26. Rxa6 Ke8 27. Rc8+ Rd8 28. Qb5# 1-0

[Event "Early-Titled-Tuesday-Blitz-April-23-2024"]
[Site "Chess.com"]
[Date "2024.04.23"]
[Round "1"]
[White "esrosenberg"]
[Black "SashaKuzhilniy"]
[Result "0-1"]
[WhiteElo "2329"]
[BlackElo "2645"]
[TimeControl "180+1"]
[EndTime "8:07:00 PDT"]
[Termination "SashaKuzhilniy won on time"]

1. e4 e5 2. Nf3 Nc6 3. Nc3 Nf6 4. d4 exd4 5. Nxd4 Bb4 6. Nxc6 bxc6 7. Bd3 O-O 8. O-O Re8 9. Bg5 h6 10. Bh4 d5 11. exd5 g5 12. Bg3 cxd5 13. h3 c5 14.
Qf3 Be6 15. Nb5 c4 16. Bf5 Rc8 17. Nxa7 Ra8 18. Nc6 Qb6 19. Nxb4 Qxb4 20. Rae1 Bxf5 21. Rxe8+ Rxe8 22. Qxf5 Re6 23. Be5 Ne4 24. Bc3 Nxc3 25. bxc3 Qxc3 26. Qxd5 Qxc2 27. a4 Qxa4 28. f4 Qc6 29.
Qd8+ Re8 30. Qd4 Re2 31. Qd8+ Kh7 32. Rf2 Qc5 0-1

[Event "Early-Titled-Tuesday-Blitz-April-23-2024"]
[Site "Chess.com"]
[Date "2024.04.23"]
[Round "1"]
[White "Jospem"]
[Black "isaks"]
[Result "1-0"]
[WhiteElo "3085"]
[BlackElo "2551"]
[TimeControl "180+1"]
[EndTime "8:07:01 PDT"]
[Termination "Jospem won by resignation"]

1. e4 e5 2. Nf3 Nc6 3. Nc3 Nf6 4. h3 d5 5. Bb5 Nxe4 6. O-O Nxc3 7. dxc3 f6 8. Nxe5 fxe5 9. Qh5+ Kd7 10. Qxe5 Qf6 11.
Qxd5+ Bd6 12. c4 a6 13. Ba4 b5 14. cxb5 axb5 15. Bxb5 Bb7 16. Bg5 Qe5 17. Qxe5 Bxe5 18. c3 h6 19. Be3 Rae8 20. a4 Kc8 21. a5 Re6 22. Bc4 Rg6 23. f3 Rd8 24. a6 Ba8 25. Rfd1 Ne7 26. Rxd8+ Kxd8 27. Bd3 Rd6 28. Be4 c6 29. Re1 Kc7 30. Bc5 Rd7 31. Ra1 Bd6 32. Bd4 g5 33. Kf1 Nd5 34. Bxd5 cxd5 35. b4 Bc6 36.
Kf2 Rd8 37. Ra5 Rb8 38. a7 Ra8 39. b5 Bb7 40. Ra1 Bc8 41. Rc1 Bf4 42. Re1 Bd7 43.
b6+ Kc6 44. Re7 Bc8 45. Rh7 Kb5 46. b7 Bxb7 47. Rxb7+ Kc4 48. g3 Bd6 49. Rd7 1-0

[Event "Early-Titled-Tuesday-Blitz-April-23-2024"]
[Site "Chess.com"]
[Date "2024.04.23"]
[Round "1"]
[White "alpope"]
[Black "Binary010"]
[Result "1-0"]
[WhiteElo "2512"]
[BlackElo "2859"]
[TimeControl "180+1"]
[EndTime "8:07:01 PDT"]
[Termination "alpope won by resignation"]

1. e4 c5 2. Ne2 d6 3. g3 g6 4. c3 Nf6 5. Bg2 e5 6. O-O Bg7 7.
d4 O-O 8. h3 exd4 9. cxd4 Re8 10.
Nbc3 Nc6 11. Be3 cxd4 12. Nxd4 Ne5 13. b3 Bd7 14. Qd2 Rc8 15. Rac1 Qa5 16. Rfd1 a6 17.
Nde2 Bxh3 18. Qxd6 Bxg2 19. Kxg2 Nc6 20. f3 Red8 21.
Qc5 Qxc5 22. Bxc5 Ne5 23. Bb6 Rd3 24. Rxd3 Nxd3 25. Rd1 Nb4 26. Bd4 Nc6 27. Bxf6 Bxf6 28. Nd5 Bg7 29. Rc1 Kf8 30. Nef4 h5 31. Nd3 Rd8 32.
Nc5 Ne5 33. Nxb7 Rb8 34. Nc5 Rc8 35. Nd7+ Ke8 36. Rxc8+ Kxd7 37. Rc7+ Ke8 38. Re7+ Kf8 39. Ra7 1-0

[Event "Early-Titled-Tuesday-Blitz-April-23-2024"]
[Site "Chess.com"]
[Date "2024.04.23"]
[Round "1"]
[White "BallottiLuca"]
[Black "CrgKrishna"]
[Result "0-1"]
[WhiteElo "2397"]
[BlackElo "2714"]
[TimeControl "180+1"]
[EndTime "8:07:01 PDT"]
[Termination "CrgKrishna won by resignation"]

1. d4 f5 2. Nc3 d5 3. Bf4 e6 4. e3 c5 5. Nb5 Na6 6. Nf3 Nf6 7. Be2 Be7 8. O-O O-O 9. c4 Bd7 10. Qb3 Bc6 11. Rac1 Ne4 12. Rfd1 g5 13. Be5 g4 14.
Ne1 Bf6 15. Nd3 dxc4 16. Qxc4 Bd5 17. Qc2 Bxe5 18. Nxe5 Nb4 19. Qb1 Bxa2 20. Qa1 Bb3 21. dxc5 Bxd1 22. Rxd1 Qh4 23. g3 Qh6 24. Bc4 Nxf2 25.
Kxf2 Nc2 26. Qa2 Qxh2+ 27. Kf1 Nxe3+ 28. Ke1 Qxg3+ 29. Kd2 Qxe5 30. Bxe6+ Kh8 31. Kc1 Nxd1 32. Kxd1 Qxc5 33. Qb3 Rad8+ 34. Ke1 Qe5+ 35. Kf1 Rfe8 0-1

[Event "Early-Titled-Tuesday-Blitz-April-23-2024"]
[Site "Chess.com"]
[Date "2024.04.23"]
[Round "1"]
[White "mokerslag"]
[Black "GMKrikor"]
[Result "0-1"]
[WhiteElo "2502"]
[BlackElo "2883"]
[TimeControl "180+1"]
[EndTime "8:07:02 PDT"]
[Termination "GMKrikor won on time"]

1. e4 c5 2. Nf3 Nc6 3. d4 cxd4 4. Nxd4 Nf6 5. Nc3 e5 6. Ndb5 d6 7. Bg5 a6 8. Na3 b5 9. Nd5 Be7 10. Bxf6 Bxf6 11. c4 b4 12. Nc2 O-O 13. g3 a5 14.
Bg2 Bg5 15. O-O Be6 16. b3 Ne7 17. f4 Bh6 18. Nxe7+ Qxe7 19. Qd3 Qa7+ 20. Kh1 Qc5 21. Rad1 Rfd8 22. fxe5 Qxe5 23. Nd4 Rac8 24. Nf5 Bg5 25. Nd4 Bf6 26. Nf5 g6 27. Ne3 Kg7 28. Nd5 Bg5 29. Nf4 h5 30. Nxe6+ fxe6 31. Rf2 h4 32. Rdf1 Rf8 33.
Rxf8 Rxf8 34. Rxf8 Kxf8 35. gxh4 Bxh4 36. Qh3 Bg5 0-1

[Event "Early-Titled-Tuesday-Blitz-April-23-2024"]
[Site "Chess.com"]
[Date "2024.04.23"]
[Round "1"]
[White "sokidze"]
[Black "Juicy_Fork"]
[Result "1-0"]
[WhiteElo "2825"]
[BlackElo "2473"]
[TimeControl "180+1"]
[EndTime "8:07:02 PDT"]
[Termination "sokidze won by resignation"]

1. d4 Nf6 2. c4 g6 3. Nc3 Bg7 4. e4 d6 5. h3 O-O 6. Be3 e5 7.
d5 Na6 8. g4 Nc5 9. f3 a5 10.
Qd2 c6 11. Nge2 cxd5 12. cxd5 a4 13. Ng3 Qa5 14. Nb5 Qd8 15. h4 b6 16. h5 Ba6 17.
hxg6 fxg6 18. Qh2 Qd7 19. g5 Bxb5 20. gxf6 Rxf6 21. Qxh7+ Kf7 22. Bh6 Rg8 23. Bh3 Qc7 24. Rc1 Bd7 25. Rc3 Bxh3 26. Rxh3 Qd7 27. Rh2 Qb5 28.
Rd2 Rxf3 29. Rxf3+ Ke7 30. Bg5+ Kd7 31. Rf7+ Ke8 32.
Qxg8+ 1-0

[Event "Early-Titled-Tuesday-Blitz-April-23-2024"]
[Site "Chess.com"]
[Date "2024.04.23"]
[Round "1"]
[White "ChessRespected"]
[Black "ChessMA48"]
[Result "1-0"]
[WhiteElo "2626"]
[BlackElo "2272"]
[TimeControl "180+1"]
[EndTime "8:07:02 PDT"]
[Termination "ChessRespected won by checkmate"]

1. d4 d5 2. Nf3 Nf6 3. e3 c5 4. c4 cxd4 5. exd4 Nc6 6. Nc3 Bg4 7. cxd5 Nxd5 8. Qb3 Nxc3 9. bxc3 Qb6 10. d5 Bxf3 11.
gxf3 Ne5 12. Bb5+ Kd8 13. Be3 Nxf3+ 14. Ke2 Qf6 15. Bd3 b6 16. d6 Ne5 17. Bxb6+ axb6 18. Qxb6+ Kd7 19. Bb5+ Ke6 20. d7+ Kf5 21. d8=Q Rxd8 22. Qxd8 Kg6 23. Bd3+ Kh6 24. Qd5 e6 25. Qe4 Bc5 26.
f4 Nxd3 27. Qxd3 Rd8 28. Qh3+ Kg6 29. Rhg1+ Qg5 30. Rxg5+ Kf6 31. Rd1 Rb8 32. Rd7 Rb2+ 33. Kd3 Rxa2 34. Qxh7 g6 35. Qxf7# 1-0

[Event "Early-Titled-Tuesday-Blitz-April-23-2024"]
[Site "Chess.com"]
[Date "2024.04.23"]
[Round "1"]
[White "Likvidator228"]
[Black "Zhigalko_Sergei"]
[Result "0-1"]
[WhiteElo "2531"]
[BlackElo "2942"]
[TimeControl "180+1"]
[EndTime "8:07:03 PDT"]
[Termination "Zhigalko_Sergei won by resignation"]

1. d4 Nf6 2. Nf3 e6 3. Bf4 b6 4.
e3 Bb7 5. h3 Bd6 6. Bxd6 cxd6 7. c4 O-O 8. Nc3 d5 9. cxd5 Nxd5 10. Nxd5 Bxd5 11. Be2 Bb7 12. O-O Nc6 13. Rc1 Rc8 14. a3 Qe7 15. b4 a5 16. bxa5 Nxa5 17. Rxc8 Rxc8 18. Qb1 Bxf3 19. Bxf3 Nc4 20. Qb4 Qxb4 21. axb4 Nd2 22. Ra1 Kf8 23. Ra6 Rc1+ 24. Kh2 Nf1+ 25. Kg1 Nxe3+ 26. Kh2 Nf1+ 27. Kg1 Nd2+ 28. Kh2 Nxf3+ 29.
gxf3 Rc4 30. Rxb6 Rxd4 31. b5 Ke7 32. Kg3 Rb4 33. h4 h5 34. f4 Rb3+ 35. f3 g6 36. Kf2 Kd8 37. Rb8+ Kc7 38. Rf8 Rxb5 39. Rxf7 Rf5 40.
Rg7 Rxf4 41. Kg3 Rf6 42. f4 Kc6 43. Kf3 e5 44. Ke4 exf4 45. Kf3 d5 46. Ra7 Kb5 47.
Ra1 Kc4 48. Rc1+ Kb3 49. Rd1 Rf5 50. Rb1+ Kc2 51. Rb4 Kc3 52. Rb6 d4 53. Rc6+ Kd2 54. Rxg6 d3 55. Rg5 Rxg5 56. hxg5 Kc2 57. g6 d2 58.
Kxf4 d1=Q 59. g7 Qg4+ 60. Ke5 Qxg7+ 0-1

[Event "Early-Titled-Tuesday-Blitz-April-23-2024"]
[Site "Chess.com"]
[Date "2024.04.23"]
[Round "1"]
[White "Boxerandchessplayer"]
[Black "TatjanaVasilevich"]
[Result "0-1"]
[WhiteElo "2226"]
[BlackElo "2613"]
[TimeControl "180+1"]
[EndTime "8:07:03 PDT"]
[Termination "TatjanaVasilevich won on time"]

1. d4 Nf6 2. Nf3 e6 3. c4 c5 4.
d5 exd5 5. cxd5 d6 6. Nc3 g6 7. e4 Bg7 8. Bd3 O-O 9. O-O a6 10. a4 Nbd7 11. Bf4 Qe7 12. Re1 Ng4 13. Qd2 Nge5 14.
Nxe5 Nxe5 15. Bf1 Bd7 16. Bg3 g5 17. a5 Rab8 18. Ra3 h5 19. h3 h4 20. Bh2 Ng6 21.
f4 gxf4 22. Bxf4 Nxf4 23. Qxf4 Be5 24. Qd2 Qf6 25. Bc4 b5 26. axb6 Rxb6 27. Rf1 Qg7 28. Nd1 Rb4 29. Qe2 Rfb8 30. Rxa6 Bxh3 31. b3 Bg4 32.
Qf2 Bxd1 33. Rxd1 Bd4 34. Rxd4 Qxd4 35. Qxd4 cxd4 36. Rxd6 d3 37. Kf2 d2 38. Ke2 Re8 39. Bd3 Rxb3 40. Kxd2 Rb2+ 41. Ke3 Rxg2 42. Rh6 Rg3+ 43.
Kd4 h3 44. e5 Rg4+ 45. Kc5 Rxe5 46. Kc6 Rd4 0-1

[Event "Early-Titled-Tuesday-Blitz-April-23-2024"]
[Site "Chess.com"]
[Date "2024.04.23"]
[Round "1"]
[White "ellatambien"]
[Black "Real_taiatai"]
[Result "1-0"]
[WhiteElo "2719"]
[BlackElo "2402"]
[TimeControl "180+1"]
[EndTime "8:07:04 PDT"]
[Termination "ellatambien won by checkmate"]

1. d4 Nf6 2. c4 e6 3. g3 d5 4. Bg2 Be7 5. Nf3 O-O 6. O-O dxc4 7. Na3 Bxa3 8. bxa3 Bd7 9. a4 Bc6 10.
Ba3 Re8 11. Qc2 Bd5 12. Rfe1 Ne4 13. Ne5 Nd6 14. e4 Bc6 15. Rab1 Nd7 16. Nxc6 bxc6 17. e5 Nf5 18. Rbd1 Nb6 19. Bxc6 Nxd4 20. Qe4 Nxc6 21. Rxd8 Nxd8 22. a5 Nd5 23. Qxc4 Nb7 24. Rb1 Nxa5 25.
Qc5 Rab8 26. Rxb8 Rxb8 27. Qxa5 h5 28. Qxa7 Rb1+ 29. Kg2 Kh7 30. Qd4 g6 31. Bb2 Re1 32. a4 Re2 33. a5 c5 34. Qa4 Rxb2 35. a6 Ne3+ 36. Kf3 Ng4 37. a7 Nxe5+ 38. Kg2 Ng4 39. a8=Q Rxf2+ 40. Kg1 Rf5 41. Q4e8 Kh6 42. Qh8+ Kg5 43.
h4# 1-0